 Dungeon Crawl Stone Soup version 0.30-a0-170-g85af917532 (webtiles) character file.

Game seed: 16782459579114049834

34071 qw the Blocker (level 13, -11/81 HPs)
             Began as a Gargoyle Fighter on Sept 30, 2022.
             Was a High Priest of Okawaru.
             Mangled by a dire elephant simulacrum (33 damage)
             ... on level 5 of the Lair of Beasts.
             The game lasted 00:06:27 (12934 turns).

qw the Blocker (Gargoyle Fighter)                  Turns: 12934, Time: 00:06:28

Health: -11/81     AC: 31    Str: 26    XL:     13   Next: 75%
Magic:  18/20      EV:  8    Int: 11    God:    Okawaru [*****.]
Gold:   935        SH: 27    Dex:  9    Spells: 12/12 levels left

rFire   + . .      SeeInvis .    Y - +0 war axe (venom)
rCold   . . .      Faith    .    s - +8 tower shield "Baxifrac" {Harm +Blink rElec Stlth-}
rNeg    + + .      Spirit   .    c - +0 plate armour
rPois   inf        Reflect  .    (no helmet)
rElec   +          Harm     +    i - +1 cloak {Will+}
rCorr   .          Rampage  .    (no gloves)
Will    +....                    A - +2 pair of boots
Stlth   ..........               k - amulet of regeneration
HPRegen 1.03/turn                j - ring of positive energy
MPRegen 0.17/turn                a - ring of Mynnufid {rF+ Int+3}

@: heroic
A: sickness immunity, AC +9, negative energy resistance 1, electricity
resistance, torment resistance 1, petrification resistance
a: Renounce Religion, Evoke Blink, Heroism, Finesse, Duel


You were on level 5 of the Lair of Beasts.
You worshipped Okawaru.
Okawaru was extremely pleased with you.
You visited 2 branches of the dungeon, and saw 13 of its levels.
You also visited: Sewer and Ossuary.

You collected 935 gold pieces.


Innate Abilities, Weirdness & Mutations

You are immune to sickness and miasma.
Your stone body is resilient. (AC +9)
You are immune to poison.
You resist negative energy. (rN+)
You are resistant to electric shocks. (rElec)
You are resistant to unholy torment.
You are immune to petrification.


   Skills:
 + Level 9.7(14.7) Fighting
 - Level 12.0(17.0) Axes
 - Level 1.0(6.0) Throwing
 - Level 8.2(13.2) Armour
 - Level 2.0(7.0) Dodging
 - Level 14.6(19.6) Shields
 - Level 10.0 Invocations


You had 12 spell levels left.
You didn't know any spells.
Your spell library was empty.

Inventory:

Hand Weapons
 q - a +1 vorpal flail
 Y - a +0 war axe of venom (weapon)
Armour
 c - a +0 plate armour (worn)
 i - a +1 cloak of willpower (worn)
 s - the +8 tower shield "Baxifrac" (worn) {Harm +Blink rElec Stlth-}
   (You found it on level 7 of the Dungeon)

   rElec:     It insulates you from electricity.
   +Blink:    It lets you blink.
   Harm:      It increases damage dealt and taken.
   Stlth:     It makes you less stealthy.
 u - a +2 cloak
 A - a +2 pair of boots (worn)
Jewellery
 a - the ring of Mynnufid (right hand) {rF+ Int+3}
   (You acquired it in a sewer)

   [ring of protection from fire]

   Int:       It affects your intelligence (+3).
   rF:        It protects you from fire.
 j - a ring of positive energy (left hand)
 k - an amulet of regeneration (around neck)
 m - an amulet of the acrobat
Scrolls
 f - 4 scrolls of identify
 p - 13 scrolls of teleportation
Potions
 b - 4 potions of heal wounds
 d - 2 potions of might
 e - 3 potions of attraction
 g - 9 potions of curing
 h - 3 potions of lignification
 l - 2 potions of mutation
 n - a potion of magic
 o - a potion of cancellation
 z - 2 potions of resistance
 B - a potion of haste

Dungeon Overview and Level Annotations

Branches:
Dungeon (8/15)             Temple (0/1) D:5            Lair (5/5) D:8
 Shoals (0/4) Lair:3       Spider (0/4) Lair:2        Slime (0/5) Lair:5
  Sewer (visited)         Ossuary (visited)

Altars:
Okawaru
Xom
Yredelemnul
The Shining One
Jiyva


Message History

You hit the elephant zombie.
The elephant zombie is moderately damaged.
The elephant zombie closely misses you. You block the elephant zombie's attack.
You hit the elephant zombie.
The elephant zombie is moderately damaged.
You block the elephant zombie's attack. x2
You hit the elephant zombie.
The elephant zombie is moderately damaged.
You slash the elephant zombie!
The elephant zombie is heavily damaged.
You block the elephant zombie's attack. x2
You slash the elephant zombie!
The elephant zombie is severely damaged.
You block the elephant zombie's attack.
The elephant zombie trunk-slaps you but does no damage.
You slice the elephant zombie!!
You destroy the elephant zombie!
Okawaru accepts your kill.
You start resting.
You feel like a meek peon again.
HP restored.
You see here a dire elephant corpse.
A spectral cane toad and a dire elephant simulacrum come into view.
Enter note: You hit the dire elephant simulacrum.
The dire elephant simulacrum is lightly damaged.
You block the dire elephant simulacrum's attack.
The dire elephant simulacrum trunk-slaps you but does no damage.
You hit the dire elephant simulacrum but do no damage.
The dire elephant simulacrum is lightly damaged.
You block the dire elephant simulacrum's attack.
The dire elephant simulacrum trunk-slaps you.
The dire elephant simulacrum freezes you!!!
Ouch! That really hurt!
12934 ||| INVOKING Heroism.
You gain the combat prowess of a mighty hero.
You block the dire elephant simulacrum's attack.
The dire elephant simulacrum trunk-slaps you.
The dire elephant simulacrum freezes you!!
You die...

#### ####..# 7877P..###
#######7#7...77...P# ..
##P.P##....ZZ@..8..8777..##
.$|#8....+.....#.#...#777....####
.[$#:$...#..####...#7# #.......#
YY8#YYYY.####....#+# ##......#
####8pYPP#....#### #......#
P8###p.###.#### #.......
}.8#####.%.###77# ##......#
.........###P..P7## ##.......#
''########7.....PP7###77........#


You could see a spectral cane toad and a dire elephant simulacrum.

Vanquished Creatures
  A dire elephant (Lair:5)
  2 hydras
  A catoblepas (Lair:4)
  A two-headed ogre (D:7)
  4 death yaks (Lair:3)
  A lindwurm (Lair:1)
  A necromancer (Lair:2)
  Pikel (D:8)
  6 elephants
  Joseph (D:8)
  7 black mambas
  15 cane toads
  2 rime drakes
  9 komodo dragons
  2 hornets
  3 blink frogs (Lair:1)
  2 spectral elephants (Lair:5)
  Sigmund (D:2)
  2 jumping spiders (Lair:2)
  25 yaks
  4 culicivoras (Lair:2)
  3 wyverns
  6 basilisks
  3 redbacks (Lair:2)
  2 steam dragons (D:8)
  24 water moccasins
  5 ice beasts
  A sky beast (D:7)
  An orc warrior (D:8)
  An ogre (D:6)
  An elephant zombie (Lair:5)
  3 centaurs
  A lemure (D:8)
  2 phantoms
  9 kobold brigands
  9 bullfrogs
  A necrophage (D:7)
  4 scorpions
  A water moccasin zombie (Ossuary)
  12 wights
  3 howler monkeys
  6 electric eels
  2 bullfrog zombies (Ossuary)
  A centaur zombie (Ossuary)
  3 orc priests
  A gnoll bouda (D:8)
  6 hounds
  2 jellies
  8 iguanas
  Terence (D:2)
  4 orc wizards
  8 yak simulacra (Lair:2)
  2 polar bear simulacra (Lair:2)
  A killer bee zombie (Ossuary)
  21 mummies (Ossuary)
  2 howler monkey zombies (Ossuary)
  4 gnolls (D:8)
  10 adders
  2 river rats (Sewer)
  3 shadow imps
  2 ufetubi
  2 worms (Sewer)
  3 dart slugs
  28 orcs
  A bat (D:3)
  9 endoplasms
  9 giant cockroaches
  13 goblins
  10 hobgoblins
  11 jackals
  15 kobolds
  6 quokkas
  6 ball pythons
  2 frilled lizards
  8 rats
  A river rat simulacrum (Lair:2)
396 creatures vanquished.

Vanquished Creatures (others)
  A gnoll (D:8)
  9 fungi
  17 plants
  22 withered plants
49 creatures vanquished.

Grand Total: 445 creatures vanquished

Notes
Turn   | Place    | Note
-------+----------+-------------------------------------------
     0 | D:1      | qw the Gargoyle Fighter began the quest for the Orb.
     0 | D:1      | Reached XP level 1. HP: 14/14 MP: 1/1
     0 | D:1      | 0 ||| qw: Version: 0.2-a-12-gaebbb33
     0 | D:1      | 0 ||| qw: Game counter: 1639
     0 | D:1      | 0 ||| qw: Always use a shield: true
     0 | D:1      | 0 ||| qw: God list: Okawaru
     0 | D:1      | 0 ||| qw: Allow faded altars: false
     0 | D:1      | 0 ||| qw: Do Orc after D:15 true
     0 | D:1      | 0 ||| qw: Do second Lair branch before Depths: true
     0 | D:1      | 0 ||| qw: Lair rune preference: random
     0 | D:1      | 0 ||| qw: Plans: Normal, Zot:1-4, God:TSO, Crypt, Tomb,
                  | Pan, Slime:5, Hells, Abyss, Orb
     0 | D:1      | 0 ||| PLANNING D:1-11
   332 | D:1      | 332 ||| Stepping ~*~*~tactically~*~*~ (stealth).
   338 | D:1      | Reached XP level 2. HP: 14/19 MP: 2/2
   953 | D:1      | Reached skill level 3 in Axes
   958 | D:1      | Reached XP level 3. HP: 20/23 MP: 3/3
  1120 | D:1      | 1120 ||| Stepping ~*~*~tactically~*~*~ (stealth).
  1267 | D:1      | 1267 ||| UPGRADING to +0 pair of boots.
  1272 | D:1      | 1272 ||| UPGRADING to amulet of regeneration.
  1277 | D:1      | 1277 ||| UPGRADING to ring of positive energy.
  1278 | D:1      | 1278 ||| READING scroll labelled YVAORI ASAZATH.
  1283 | D:1      | 1283 ||| READING scroll labelled UTOTWA TIECW.
  1284 | D:1      | 1284 ||| READING scroll labelled DIAD JAERYONI.
  1285 | D:1      | 1285 ||| DROPPING +0 club.
  1286 | D:1      | 1286 ||| DRINKING 2 smoky ruby potions.
  1412 | D:2      | Found a faded altar of an unknown god.
  1443 | D:2      | Noticed Terence
  1446 | D:2      | 1446 ||| Stepping ~*~*~tactically~*~*~ (stealth).
  1451 | D:2      | Killed Terence
  1452 | D:2      | Reached XP level 4. HP: 27/28 MP: 4/4
  1454 | D:2      | Noticed Sigmund
  1466 | D:2      | Killed Sigmund
  1467 | D:2      | Reached XP level 5. HP: 32/32 MP: 5/5
  1467 | D:2      | Reached XP level 6. HP: 37/37 MP: 6/6
  1490 | D:2      | 1490 ||| Stepping ~*~*~tactically~*~*~ (stealth).
  1491 | D:2      | 1491 ||| Stepping ~*~*~tactically~*~*~ (stealth).
  1492 | D:2      | 1492 ||| Stepping ~*~*~tactically~*~*~ (stealth).
  1754 | D:2      | 1754 ||| Stepping ~*~*~tactically~*~*~ (stealth).
  1767 | D:2      | 1767 ||| Stepping ~*~*~tactically~*~*~ (stealth).
  1807 | D:2      | 1807 ||| Stepping ~*~*~tactically~*~*~ (stealth).
  2114 | D:2      | 2114 ||| DROPPING ring of flight.
  2115 | D:2      | 2115 ||| READING 2 scrolls labelled BOKATA ITITA.
  2116 | D:2      | 2116 ||| READING scroll labelled YSETES MOCIS.
  2117 | D:2      | 2117 ||| DRINKING 2 dark potions.
  2401 | D:3      | Found an iron altar of Okawaru.
  2402 | D:3      | 2402 ||| PLANNING OKAWARU WORSHIP
  2402 | D:3      | 2402 ||| FLEEEEING.
  2404 | D:3      | 2404 ||| FLEEEEING.
  2405 | D:3      | 2405 ||| FLEEEEING.
  2406 | D:3      | 2406 ||| FLEEEEING.
  2407 | D:3      | 2407 ||| FLEEEEING.
  2408 | D:3      | 2408 ||| FLEEEEING.
  2409 | D:3      | 2409 ||| FLEEEEING.
  2410 | D:3      | 2410 ||| FLEEEEING.
  2411 | D:3      | 2411 ||| FLEEEEING.
  2412 | D:3      | 2412 ||| FLEEEEING.
  2413 | D:3      | 2413 ||| FLEEEEING.
  2414 | D:3      | 2414 ||| FLEEEEING.
  2415 | D:3      | 2415 ||| FLEEEEING.
  2417 | D:3      | 2417 ||| FLEEEEING.
  2418 | D:3      | 2418 ||| FLEEEEING.
  2419 | D:3      | 2419 ||| FLEEEEING.
  2420 | D:3      | 2420 ||| FLEEEEING.
  2428 | D:3      | 2428 ||| FLEEEEING.
  2429 | D:3      | 2429 ||| FLEEEEING.
  2430 | D:3      | 2430 ||| STAIRDANCE
  2432 | D:2      | 2432 ||| DROPPING scarf of shadows.
  2433 | D:2      | 2433 ||| READING 2 scrolls of identify.
  2433 | D:2      | 2433 ||| IDENTIFYING silvery potion
  2437 | D:3      | 2437 ||| STAIRDANCE
  2467 | D:3      | 2467 ||| FLEEEEING.
  2471 | D:3      | 2471 ||| FLEEEEING.
  2472 | D:3      | 2472 ||| FLEEEEING.
  2473 | D:3      | 2473 ||| FLEEEEING.
  2474 | D:3      | 2474 ||| FLEEEEING.
  2475 | D:3      | 2475 ||| FLEEEEING.
  2476 | D:3      | 2476 ||| FLEEEEING.
  2477 | D:3      | 2477 ||| FLEEEEING.
  2478 | D:3      | 2478 ||| FLEEEEING.
  2480 | D:3      | 2480 ||| FLEEEEING.
  2481 | D:3      | 2481 ||| FLEEEEING.
  2482 | D:3      | 2482 ||| FLEEEEING.
  2483 | D:3      | 2483 ||| FLEEEEING.
  2485 | D:3      | 2485 ||| FLEEEEING.
  2486 | D:3      | 2486 ||| FLEEEEING.
  2489 | D:3      | 2489 ||| FLEEEEING.
  2490 | D:3      | 2490 ||| FLEEEEING.
  2491 | D:3      | 2491 ||| FLEEEEING.
  2492 | D:3      | 2492 ||| FLEEEEING.
  2493 | D:3      | 2493 ||| STAIRDANCE
  2498 | D:3      | 2498 ||| STAIRDANCE
  2535 | D:3      | Became a worshipper of Warmaster Okawaru
  2536 | D:3      | 2536 ||| PLANNING D:1-11
  2703 | D:3      | 2703 ||| Stepping ~*~*~tactically~*~*~ (stealth).
  2892 | D:3      | 2892 ||| READING scroll labelled KIZUGO VEYGED.
  2899 | D:4      | 2899 ||| PLANNING SEWER
  2915 | D:4      | Reached skill level 1 in Dodging
  2915 | D:4      | 2915 ||| STAIRDANCE
  2988 | D:4      | Reached skill level 6 in Axes
  2988 | D:4      | Reached XP level 7. HP: 41/43 MP: 7/7
  3031 | D:4      | 3031 ||| Stepping ~*~*~tactically~*~*~ (stealth).
  3110 | D:4      | 3110 ||| Stepping ~*~*~tactically~*~*~ (hiding).
  3116 | D:4      | 3116 ||| Stepping ~*~*~tactically~*~*~ (stealth).
  3252 | D:4      | Found a glowing drain.
  3266 | D:4      | 3266 ||| UPGRADING to +0 chain mail.
  3276 | D:4      | 3276 ||| DROPPING +0 scale mail.
  3277 | D:4      | 3277 ||| READING scroll labelled CUCORUM QOVENN.
  3278 | D:4      | 3278 ||| DRINKING 2 green potions.
  3279 | D:4      | 3279 ||| READING 2 scrolls of identify.
  3279 | D:4      | 3279 ||| IDENTIFYING metallic black potion
  3280 | D:4      | 3280 ||| DROPPING potion of brilliance.
  3281 | D:4      | 3281 ||| DROPPING potion of degeneration.
  3290 | Sewer    | Entered a sewer
  3324 | Sewer    | Reached * piety under Okawaru
  3408 | Sewer    | Reached skill level 1 in Invocations
  3504 | Sewer    | 3504 ||| Stepping ~*~*~tactically~*~*~ (water).
  3640 | Sewer    | Reached XP level 8. HP: 44/48 MP: 8/10
  3711 | Sewer    | Reached skill level 3 in Invocations
  3850 | Sewer    | 3850 ||| Stepping ~*~*~tactically~*~*~ (water).
  3892 | Sewer    | 3892 ||| READING scroll labelled ORUBOU NUEZ.
  3892 | Sewer    | Identified a scroll of acquirement
  3892 | Sewer    | 3892 ||| ACQUIRING ring of Mynnufid {rF+ Int+3}
  3892 | Sewer    | Acquired the ring of Mynnufid {rF+ Int+3}
  3894 | Sewer    | 3894 ||| UPGRADING to ring of Mynnufid {rF+ Int+3}.
  3895 | Sewer    | 3895 ||| READING 3 scrolls labelled YCHERECUUSCH.
  3896 | Sewer    | 3896 ||| DRINKING 2 white potions.
  3897 | Sewer    | 3897 ||| DROPPING 2 scrolls of blinking.
  3920 | D:4      | 3920 ||| PLANNING D:1-11
  4071 | D:4      | 4071 ||| Stepping ~*~*~tactically~*~*~ (stealth).
  4072 | D:4      | 4072 ||| Stepping ~*~*~tactically~*~*~ (stealth).
  4086 | D:4      | 4086 ||| Stepping ~*~*~tactically~*~*~ (stealth).
  4145 | D:4      | Reached ** piety under Okawaru
  4337 | D:5      | Entered Level 5 of the Dungeon
  4345 | D:5      | 4345 ||| STAIRDANCE
  4351 | D:5      | Reached skill level 6 in Fighting
  4485 | D:5      | 4485 ||| INVOKING Heroism.
  4490 | D:5      | Reached XP level 9. HP: 55/55 MP: 9/12
  5015 | D:5      | 5015 ||| INVOKING Heroism.
  5093 | D:5      | Found a staircase to the Ecumenical Temple.
  5276 | D:5      | 5276 ||| Stepping ~*~*~tactically~*~*~ (stealth).
  5277 | D:5      | 5277 ||| Stepping ~*~*~tactically~*~*~ (stealth).
  5392 | D:6      | 5392 ||| INVOKING Heroism.
  5407 | D:6      | Reached skill level 9 in Axes
  5414 | D:6      | 5414 ||| INVOKING Heroism.
  5424 | D:6      | 5424 ||| FLEEEEING.
  5425 | D:6      | 5425 ||| FLEEEEING.
  5426 | D:6      | 5426 ||| FLEEEEING.
  5427 | D:6      | 5427 ||| FLEEEEING.
  5428 | D:6      | 5428 ||| FLEEEEING.
  5433 | D:6      | 5433 ||| FLEEEEING.
  5434 | D:6      | 5434 ||| FLEEEEING.
  5435 | D:6      | 5435 ||| FLEEEEING.
  5436 | D:6      | 5436 ||| FLEEEEING.
  5437 | D:6      | 5437 ||| FLEEEEING.
  5438 | D:6      | 5438 ||| FLEEEEING.
  5444 | D:6      | 5444 ||| STAIRDANCE
  5483 | D:6      | Reached skill level 4 in Shields
  5484 | D:6      | 5484 ||| FLEEEEING.
  5485 | D:6      | 5485 ||| FLEEEEING.
  5486 | D:6      | 5486 ||| FLEEEEING.
  5503 | D:6      | 5503 ||| INVOKING Heroism.
  5548 | D:6      | 5548 ||| INVOKING Heroism.
  5596 | D:6      | Found a shimmering altar of Xom.
  5693 | D:6      | 5693 ||| INVOKING Heroism.
  5719 | D:6      | 5719 ||| INVOKING Heroism.
  5843 | D:6      | 5843 ||| Stepping ~*~*~tactically~*~*~ (hiding).
  6084 | D:6      | 6084 ||| UPGRADING to +0 cloak.
  6089 | D:6      | 6089 ||| READING scroll labelled FIOJEI YNLE.
  6090 | D:6      | 6090 ||| READING scroll labelled XAJEKE XEATUYCKEU.
  6110 | D:7      | 6110 ||| PLANNING OSSUARY
  6117 | D:7      | Identified the +8 tower shield "Baxifrac" {Harm +Blink
                  | rElec Stlth-}
  6148 | D:7      | Found a sand-covered staircase.
  6149 | D:7      | 6149 ||| UPGRADING to +8 tower shield "Baxifrac" {Harm
                  | +Blink rElec Stlth-}.
  6159 | D:7      | 6159 ||| DROPPING +0 buckler.
  6167 | Ossuary  | Entered an ossuary
  6179 | Ossuary  | 6179 ||| Stepping ~*~*~tactically~*~*~ (stealth).
  6215 | Ossuary  | 6215 ||| Stepping ~*~*~tactically~*~*~ (stealth).
  6222 | Ossuary  | 6222 ||| Stepping ~*~*~tactically~*~*~ (stealth).
  6231 | Ossuary  | 6231 ||| Stepping ~*~*~tactically~*~*~ (stealth).
  6234 | Ossuary  | 6234 ||| Stepping ~*~*~tactically~*~*~ (stealth).
  6236 | Ossuary  | Reached *** piety under Okawaru
  6237 | Ossuary  | Reached skill level 5 in Shields
  6253 | Ossuary  | 6253 ||| Stepping ~*~*~tactically~*~*~ (stealth).
  6268 | Ossuary  | 6268 ||| Stepping ~*~*~tactically~*~*~ (hiding).
  6276 | Ossuary  | 6276 ||| INVOKING Heroism.
  6284 | Ossuary  | 6284 ||| Stepping ~*~*~tactically~*~*~ (water).
  6286 | Ossuary  | Reached skill level 6 in Shields
  6360 | Ossuary  | 6360 ||| Stepping ~*~*~tactically~*~*~ (water).
  6423 | Ossuary  | 6423 ||| Stepping ~*~*~tactically~*~*~ (water).
  6425 | Ossuary  | Reached XP level 10. HP: 63/63 MP: 13/13
  6490 | Ossuary  | 6490 ||| READING 2 scrolls labelled TOGAME GOABON.
  6491 | Ossuary  | 6491 ||| READING scroll of enchant armour.
  6491 | Ossuary  | 6491 ||| ENCHANTING +0 pair of boots.
  6492 | Ossuary  | 6492 ||| READING 2 scrolls of identify.
  6492 | Ossuary  | 6492 ||| IDENTIFYING emerald potion
  6529 | D:7      | 6529 ||| PLANNING D:1-11
  6563 | D:7      | 6563 ||| INVOKING Heroism.
  6565 | D:7      | Reached skill level 7 in Shields
  6577 | D:7      | Reached skill level 8 in Shields
  6588 | D:7      | Reached **** piety under Okawaru
  6779 | D:7      | 6779 ||| Stepping ~*~*~tactically~*~*~ (stealth).
  6780 | D:7      | 6780 ||| Stepping ~*~*~tactically~*~*~ (stealth).
  6781 | D:7      | 6781 ||| Stepping ~*~*~tactically~*~*~ (hiding).
  6782 | D:7      | 6782 ||| Stepping ~*~*~tactically~*~*~ (hiding).
  6784 | D:7      | 6784 ||| INVOKING Heroism.
  6794 | D:7      | Reached skill level 9 in Shields
  6833 | D:7      | 6833 ||| Stepping ~*~*~tactically~*~*~ (stealth).
  6842 | D:7      | 6842 ||| Stepping ~*~*~tactically~*~*~ (stealth).
  6843 | D:7      | 6843 ||| Stepping ~*~*~tactically~*~*~ (stealth).
  6904 | D:7      | 6904 ||| Stepping ~*~*~tactically~*~*~ (stealth).
  6925 | D:7      | 6925 ||| Stepping ~*~*~tactically~*~*~ (stealth).
  6928 | D:7      | 6928 ||| Stepping ~*~*~tactically~*~*~ (stealth).
  6942 | D:7      | 6942 ||| Stepping ~*~*~tactically~*~*~ (hiding).
  6958 | D:7      | 6958 ||| Stepping ~*~*~tactically~*~*~ (stealth).
  7007 | D:7      | 7007 ||| Stepping ~*~*~tactically~*~*~ (stealth).
  7009 | D:7      | 7009 ||| Stepping ~*~*~tactically~*~*~ (stealth).
  7010 | D:7      | Noticed a two-headed ogre
  7011 | D:7      | 7011 ||| INVOKING Heroism.
  7019 | D:7      | Killed a two-headed ogre
  7020 | D:7      | Reached skill level 6 in Invocations
  7150 | D:7      | 7150 ||| UPGRADING to +2 pair of boots.
  7160 | D:7      | 7160 ||| DROPPING +1 pair of boots.
  7161 | D:7      | 7161 ||| READING 2 scrolls labelled COMERETOEG.
  7162 | D:7      | 7162 ||| READING scroll labelled YTIWEMAUST.
  7163 | D:7      | 7163 ||| READING scroll labelled OKLILO ET BAERU.
  7164 | D:7      | 7164 ||| DRINKING 2 inky potions.
  7165 | D:7      | 7165 ||| READING 3 scrolls of identify.
  7165 | D:7      | 7165 ||| IDENTIFYING puce potion
  7166 | D:7      | 7166 ||| READING 2 scrolls of identify.
  7166 | D:7      | 7166 ||| IDENTIFYING purple potion
  7167 | D:7      | 7167 ||| DROPPING potion of ambrosia.
  7168 | D:7      | 7168 ||| DROPPING potion of invisibility.
  7169 | D:7      | 7169 ||| DROPPING potion of flight.
  7170 | D:7      | 7170 ||| DROPPING scroll of noise.
  7187 | D:8      | 7187 ||| INVOKING Heroism.
  7201 | D:8      | Found a glowing golden altar of the Shining One.
  7267 | D:8      | 7267 ||| Stepping ~*~*~tactically~*~*~ (stealth).
  7272 | D:8      | 7272 ||| Stepping ~*~*~tactically~*~*~ (stealth).
  7274 | D:8      | 7274 ||| Stepping ~*~*~tactically~*~*~ (hiding).
  7280 | D:8      | Reached skill level 10 in Shields
  7396 | D:8      | 7396 ||| Stepping ~*~*~tactically~*~*~ (stealth).
  7401 | D:8      | 7401 ||| INVOKING Heroism.
  7415 | D:8      | Reached skill level 1 in Throwing
  7420 | D:8      | 7420 ||| INVOKING Heroism.
  7450 | D:8      | 7450 ||| READING scroll of brand weapon.
  7450 | D:8      | 7450 ||| BRANDING +0 war axe of flaming.
  7481 | D:8      | 7481 ||| DROPPING +0 whip.
  7486 | D:8      | Noticed Pikel
  7488 | D:8      | 7488 ||| Stepping ~*~*~tactically~*~*~ (stealth).
  7490 | D:8      | 7490 ||| Stepping ~*~*~tactically~*~*~ (stealth).
  7508 | D:8      | Killed Pikel
  7509 | D:8      | Reached XP level 11. HP: 63/67 MP: 14/16
  7531 | D:8      | Found a staircase to the Lair.
  7536 | D:8      | Noticed Joseph
  7549 | D:8      | 7549 ||| INVOKING Heroism.
  7552 | D:8      | Killed Joseph
  7559 | D:8      | 7559 ||| Stepping ~*~*~tactically~*~*~ (stealth).
  7768 | D:8      | 7768 ||| READING scroll of enchant armour.
  7768 | D:8      | 7768 ||| ENCHANTING +0 cloak.
  7858 | D:8      | Found a basalt altar of Yredelemnul.
  7959 | D:8      | 7959 ||| PLANNING LAIR
  7964 | D:8      | 7964 ||| UPGRADING to +0 plate armour.
  7974 | D:8      | 7974 ||| DROPPING +0 chain mail.
  7988 | Lair:1   | Entered Level 1 of the Lair of Beasts
  7993 | Lair:1   | Reached ***** piety under Okawaru
  8011 | Lair:1   | 8011 ||| INVOKING Heroism.
  8021 | Lair:1   | Reached skill level 11 in Shields
  8088 | Lair:1   | Noticed a lindwurm
  8089 | Lair:1   | 8089 ||| INVOKING Heroism.
  8096 | Lair:1   | Killed a lindwurm
  8111 | Lair:1   | 8111 ||| INVOKING Heroism.
  8147 | Lair:1   | 8147 ||| INVOKING Heroism.
  8156 | Lair:1   | 8156 ||| Stepping ~*~*~tactically~*~*~ (stealth).
  8165 | Lair:1   | Reached skill level 9 in Invocations
  8178 | Lair:1   | Reached skill level 12 in Shields
  8186 | Lair:1   | Received a gift from Okawaru
  8248 | Lair:1   | 8248 ||| INVOKING Heroism.
  8297 | Lair:1   | 8297 ||| INVOKING Heroism.
  8381 | Lair:1   | 8381 ||| INVOKING Heroism.
  8384 | Lair:1   | 8384 ||| Stepping ~*~*~tactically~*~*~ (stealth).
  8390 | Lair:1   | Reached skill level 6 in Armour
  8543 | Lair:1   | Reached XP level 12. HP: 72/72 MP: 19/19
  8562 | Lair:1   | 8562 ||| READING scroll of enchant armour.
  8562 | Lair:1   | 8562 ||| ENCHANTING +1 cloak.
  8783 | Lair:1   | 8783 ||| UPGRADING to +1 cloak of willpower.
  8793 | Lair:1   | 8793 ||| READING 2 scrolls of identify.
  8793 | Lair:1   | 8793 ||| IDENTIFYING fizzy brown potion
  8889 | Lair:2   | 8889 ||| INVOKING Heroism.
  9080 | Lair:2   | Found a hole to the Spider Nest.
  9142 | Lair:2   | 9142 ||| Stepping ~*~*~tactically~*~*~ (hiding).
  9176 | Lair:2   | Noticed a six-headed hydra
  9177 | Lair:2   | 9177 ||| INVOKING Heroism.
  9178 | Lair:2   | 9178 ||| INVOKING Finesse.
  9180 | Lair:2   | 9180 ||| SWAPPING to +0 flail.
  9187 | Lair:2   | Killed a six-headed hydra
  9188 | Lair:2   | 9188 ||| SWAPPING to +0 war axe of venom.
  9198 | Lair:2   | Reached skill level 13 in Shields
  9206 | Lair:2   | 9206 ||| Stepping ~*~*~tactically~*~*~ (stealth).
  9309 | Lair:2   | 9309 ||| DROPPING +0 flail.
  9366 | Lair:2   | Identified the +3 leather armour of Duty {Dex+2}
  9422 | Lair:2   | 9422 ||| Stepping ~*~*~tactically~*~*~ (hiding).
  9423 | Lair:2   | 9423 ||| Stepping ~*~*~tactically~*~*~ (hiding).
  9453 | Lair:2   | 9453 ||| INVOKING Heroism.
  9646 | Lair:2   | 9646 ||| Stepping ~*~*~tactically~*~*~ (stealth).
  9647 | Lair:2   | 9647 ||| INVOKING Heroism.
  9648 | Lair:2   | 9648 ||| Stepping ~*~*~tactically~*~*~ (stealth).
  9695 | Lair:2   | 9695 ||| INVOKING Heroism.
  9827 | Lair:2   | 9827 ||| Stepping ~*~*~tactically~*~*~ (stealth).
  9828 | Lair:2   | 9828 ||| Stepping ~*~*~tactically~*~*~ (stealth).
  9911 | Lair:2   | Received a gift from Okawaru
  9941 | Lair:2   | 9941 ||| Stepping ~*~*~tactically~*~*~ (stealth).
 10073 | Lair:2   | 10073 ||| DROPPING +0 cloak of preservation.
 10074 | Lair:2   | 10074 ||| READING 3 scrolls of identify.
 10074 | Lair:2   | 10074 ||| IDENTIFYING metallic clear potion
 10075 | Lair:2   | 10075 ||| READING 2 scrolls of identify.
 10075 | Lair:2   | 10075 ||| IDENTIFYING smoky pink potion
 10076 | Lair:2   | 10076 ||| DROPPING potion of berserk rage.
 10106 | Lair:3   | Found a staircase to the Shoals.
 10107 | Lair:3   | 10107 ||| INVOKING Heroism.
 10110 | Lair:3   | 10110 ||| STAIRDANCE
 10128 | Lair:3   | 10128 ||| INVOKING Heroism.
 10158 | Lair:3   | 10158 ||| Stepping ~*~*~tactically~*~*~ (stealth).
 10164 | Lair:3   | 10164 ||| INVOKING Heroism.
 10229 | Lair:3   | 10229 ||| Stepping ~*~*~tactically~*~*~ (stealth).
 10231 | Lair:3   | 10231 ||| Stepping ~*~*~tactically~*~*~ (hiding).
 10300 | Lair:3   | 10300 ||| INVOKING Heroism.
 10322 | Lair:3   | Reached XP level 13. HP: 80/80 MP: 20/20
 10327 | Lair:3   | Identified the +10 rapier "Igoor" {protect, Drain rN+
                  | Str+3}
 10347 | Lair:3   | Reached skill level 9 in Fighting
 10403 | Lair:3   | 10403 ||| INVOKING Heroism.
 10412 | Lair:3   | Reached skill level 14 in Shields
 10510 | Lair:3   | 10510 ||| INVOKING Heroism.
 10511 | Lair:3   | 10511 ||| SWAPPING to +1 vorpal flail.
 10512 | Lair:3   | 10512 ||| INVOKING Finesse.
 10518 | Lair:3   | 10518 ||| SWAPPING to +0 war axe of venom.
 10674 | Lair:3   | 10674 ||| INVOKING Heroism.
 10675 | Lair:3   | 10675 ||| INVOKING Finesse.
 11082 | Lair:3   | 11082 ||| DRINKING 2 fizzy emerald potions.
 11083 | Lair:3   | 11083 ||| READING 3 scrolls of identify.
 11083 | Lair:3   | 11083 ||| IDENTIFYING blue potion
 11220 | Lair:4   | 11220 ||| INVOKING Heroism.
 11283 | Lair:4   | 11283 ||| Stepping ~*~*~tactically~*~*~ (stealth).
 11285 | Lair:4   | 11285 ||| Stepping ~*~*~tactically~*~*~ (stealth).
 11288 | Lair:4   | 11288 ||| Stepping ~*~*~tactically~*~*~ (stealth).
 11293 | Lair:4   | 11293 ||| INVOKING Heroism.
 11383 | Lair:4   | Reached skill level 12 in Axes
 11832 | Lair:4   | 11832 ||| INVOKING Heroism.
 11856 | Lair:4   | 11856 ||| INVOKING Finesse.
 12075 | Lair:4   | 12075 ||| READING scroll labelled ICECYA GENA.
 12129 | Lair:5   | Entered Level 5 of the Lair of Beasts
 12401 | Lair:5   | 12401 ||| INVOKING Heroism.
 12676 | Lair:5   | Found a viscous altar of Jiyva.
 12677 | Lair:5   | Found a staircase to the Slime Pits.
 12833 | Lair:5   | Noticed a dire elephant
 12833 | Lair:5   | Noticed a dire elephant
 12833 | Lair:5   | Noticed a dire elephant
 12877 | Lair:5   | Noticed a dire elephant
 12878 | Lair:5   | 12878 ||| INVOKING Heroism.
 12888 | Lair:5   | 12888 ||| Stepping ~*~*~tactically~*~*~ (stealth).
 12891 | Lair:5   | 12891 ||| Stepping ~*~*~tactically~*~*~ (stealth).
 12897 | Lair:5   | Killed a dire elephant
 12934 | Lair:5   | 12934 ||| INVOKING Heroism.
 12934 | Lair:5   | Mangled by a dire elephant simulacrum

Levels and vault maps discovered:
D:1:      shiori_arrival_oz, layout_basic
D:2:      layout_basic, hellmonk_ecumenical_altar_arch_garden, st_stairs_8,
          kennysheep_small_spiral, uniq_sigmund, uniq_terence
D:3:      layout_basic, okawaru_metal_pillars_1_2
D:4:      layout_rooms, portal_sewer_entry_f
D:5:      layout_loops_corners, temple_hall, serial_rivers,
          chequers_serial_rivers_micro_b, chequers_serial_rivers_micro_d,
          chequers_serial_rivers_room_b, chequers_serial_rivers_room_b,
          chequers_serial_rivers_room_a, chequers_serial_rivers_micro_d
D:6:      layout_cave_pools, mainiacjoe_overflow_catwalk, kennysheep_boxes
D:7:      wad_guarded_room, layout_rooms, chequers_ossuary_entry_cave
D:8:      layout_basic, amcnicky_altar_gilded, yredelemnul_altar_generic,
          lair_entry_dummy, uniq_pikel, uniq_joseph
Lair:1:   layout_chaotic_city, grunt_megastairs_4
Lair:2:   beast_lair_carwin_large_2, layout_gridlike,
          nicolae_spider_entry_tight_spaces, eino_house_with_fridge,
          serial_bayou_shore_b
Lair:3:   layout_regular_city, shoals_dummy_entry, beast_lair_carwin_1,
          grunt_megastairs_2
Lair:4:   layout_cave_pods, serial_rivers, chequers_serial_rivers_small_b,
          chequers_serial_rivers_micro_d, chequers_serial_rivers_small_a,
          chequers_serial_rivers_micro_d, chequers_serial_rivers_room_a,
          chequers_serial_rivers_micro_e, chequers_serial_rivers_micro_c,
          serial_bayou_shore_b
Lair:5:   due_jungle_book, layout_regular_city, dpeg_slime_entry_enclosed

Skill      XL: |  1  2  3  4  5  6  7  8  9 10 11 12 13 |
---------------+----------------------------------------+-----
Axes           | 2 3 4 5 6 7 8 9 11 12 | 12.0
Fighting       | 4 6 7 8 9 |  9.7
Dodging        | 1 2 |  2.0
Invocations    | 2 4 7 10 | 10.0
Armour         | 4 6 7 8 |  8.2
Shields        | 6 10 12 13 14 | 14.6
Throwing       | 1 |  1.0

Action                   |  1- 3 |  4- 6 |  7- 9 | 10-12 | 13-15 || total
-------------------------+-------+-------+-------+-------+-------++-------
Melee: War axe           |    96 |   113 |   426 |   539 |   259 ||  1433
       Flail             |       |       |       |     5 |     5 ||    10
Throw: Boomerang         |       |       |       |    65 |       ||    65
Invok: Heroism           |       |       |     9 |    23 |     9 ||    41
       Finesse           |       |       |       |     1 |     3 ||     4
  Use: Scroll            |     3 |     4 |     6 |    14 |     2 ||    29
       Potion            |     1 |     1 |     2 |     1 |     1 ||     6
Armor: Scale mail        |    58 |    58 |    35 |       |       ||   151
       Chain mail        |       |       |   148 |    39 |       ||   187
       Plate armour      |       |       |       |   115 |    71 ||   186
Dodge: Dodged            |    45 |    49 |   112 |    51 |    25 ||   282
Block: Buckler           |    21 |    17 |    44 |       |       ||    82
       Tower shield      |       |       |    34 |   594 |   255 ||   883

Table legend:
 A = Non-vault XP
 B = Vault XP
 C = Vault XP percentage of total XP
 D = Non-vault monster count
 E = Vault monster count
 F = Vault count percentage of total count
                 A         B        C        D         E       F
            +---------+---------+-------+---------+---------+-------
      Total |   31775 |   16898 |  34.7 |     263 |     132 |  33.4
            +---------+---------+-------+---------+---------+-------
        D:1 |      38 |       4 |   9.5 |      19 |       2 |   9.5
        D:2 |      80 |     280 |  77.8 |      23 |       3 |  11.5
        D:3 |      44 |       0 |   0.0 |      19 |       0 |   0.0
        D:4 |     810 |       8 |   1.0 |      32 |       4 |  11.1
        D:5 |     691 |       0 |   0.0 |      20 |       0 |   0.0
        D:6 |    1042 |       0 |   0.0 |      16 |       0 |   0.0
        D:7 |    1693 |    1726 |  50.5 |      25 |      17 |  40.5
        D:8 |    1126 |    1092 |  49.2 |      19 |       2 |   9.5
     Lair:1 |    5110 |    3158 |  38.2 |      20 |       7 |  25.9
     Lair:2 |    5577 |    4318 |  43.6 |      19 |      27 |  58.7
     Lair:3 |    8271 |    2585 |  23.8 |      27 |       9 |  25.0
     Lair:4 |    5149 |       0 |   0.0 |      18 |       0 |   0.0
     Lair:5 |    2144 |    2161 |  50.2 |       6 |       5 |  45.5
      Sewer |       0 |     767 | 100.0 |       0 |      28 | 100.0
    Ossuary |       0 |     799 | 100.0 |       0 |      28 | 100.0
            +---------+---------+-------+---------+---------+-------
